 Dungeon Crawl Stone Soup version 0.18.1-8-gdd0e5ea (webtiles) character file.

19399 zxpr0jk the Basher (level 12, -9/116 HPs)
             Began as a Naga Fighter on May 29, 2016.
             Was a High Priest of Cheibriados.
             Mangled by a death knight
             ... wielding a +0 battleaxe
              (23 damage)
             ... on level 13 of the Dungeon.
             The game lasted 00:33:28 (12444 turns).

zxpr0jk the Basher (Naga Fighter)                  Turns: 12444, Time: 00:33:28

Health: -9/116     AC: 20    Str: 34    XL:     12   Next: 68%
Magic:  22/22      EV: 12    Int: 22    God:    Cheibriados [*****.]
Gold:   474        SH: 10    Dex: 30    Spells: 1 memorised, 8 levels left

rFire  . . .     SeeInvis +     t - +1 flail (protect)
rCold  . . .     Gourm    .     B - +0 plate armour
rNeg   + + +     Faith    .     v - +2 buckler of Ismeux {rN+ rCorr}
rPois  +         Spirit   .     (no helmet)
rElec  +         Dismiss  +     C - +0 cloak
rCorr  +         Reflect  .     (no gloves)
SustAt .         Harm     .     (no barding)
MR     +....     Rnd*Rage +     p - amulet of Cekugob {Dismiss -Tele rElec rPois rN++ AC+1 EV+1}
Stlth  .......... NoTele   +    I - +4 ring of dexterity
                                h - ring of magical power

@: mighty, exhausted, slowed, very slow, somewhat resistant to hostile
enchantments, extremely unstealthy
A: stinger 1, icy blue scales 1, camouflage 1, see invisible, berserk 1,
deformed body, high mp 1, sense surroundings 2, poison resistance, electricity
resistance, slowness 2, slow metabolism 1, spit poison 2, weak 1, AC +4
a: Spit Poison, Bend Time, Temporal Distortion, Slouch, Step From Time, Renounce
Religion


You were on level 13 of the Dungeon.
You worshipped Cheibriados.
Cheibriados was extremely pleased with you.
You were very hungry.

You visited 2 branches of the dungeon, and saw 14 of its levels.

You collected 825 gold pieces.
You spent 351 gold pieces at shops.

Inventory:

Hand Weapons
 e - a +0 flail of venom
 s - a +3 morningstar
 t - a +1 flail of protection (weapon)
 x - a +0 mace of holy wrath
Armour
 v - the +2 buckler of Ismeux (worn) {rN+ rCorr}
   (You found it on level 10 of the Dungeon)

   It protects you from negative energy.
   It protects you from acid and corrosion.
 B - a +0 plate armour (worn)
 C - a +0 cloak (worn)
Jewellery
 h - a ring of magical power (left hand)
 p - the amulet of Cekugob (around neck) {Dismiss -Tele rElec rPois rN++ AC+1 EV+1}
   (You found it on level 4 of the Dungeon)

   [amulet of dismissal]

   It may teleport away creatures that harm you.
   It affects your AC (+1).
   It affects your evasion (+1).
   It insulates you from electricity.
   It protects you from poison.
   It greatly protects you from negative energy.
   It prevents most forms of teleportation.
 I - a +4 ring of dexterity (right hand)
Wands
 d - a wand of disintegration (8/24)
 m - a wand of flame (27/48)
 A - a wand of disintegration (12/24)
 D - a wand of disintegration (9/24)
 G - a wand of lightning (6/15)
Scrolls
 b - 6 scrolls of identify
 k - 3 scrolls of recharging
 l - 6 scrolls of teleportation
 o - a scroll of magic mapping
 q - 2 scrolls of random uselessness {unknown}
 r - 4 scrolls of remove curse
 E - a scroll of enchant weapon
Potions
 i - 9 potions of curing
 n - 2 potions of magic
Books
 a - a book of Fire

   Spells                             Type                      Level
   a - Ignite Poison                  Fire/Transmutation/Poison    3
   b - Fireball                       Conjuration/Fire             5
   c - Bolt of Fire                   Conjuration/Fire             6
   d - Delayed Fireball               Conjuration/Fire             7
   e - Ring of Flames                 Charms/Fire                  7
 y - a book of Unlife

   Spells                             Type                      Level
   a - Recall                         Summoning/Translocation      3
   b - Animate Dead                   Necromancy                   4
   c - Control Undead                 Necromancy                   4
   d - Cigotuvi's Embrace             Necromancy                   5
   e - Death Channel                  Necromancy                   6
   f - Simulacrum                     Ice/Necromancy               6
 z - a book of Necromancy

   Spells                             Type                      Level
   a - Pain                           Necromancy                   1
   b - Animate Skeleton               Necromancy                   1
   c - Vampiric Draining              Necromancy                   3
   d - Regeneration                   Charms/Necromancy            3
   e - Animate Dead                   Necromancy                   4
   f - Control Undead                 Necromancy                   4
 J - a Grand Grimoire

   Spells                             Type                      Level
   a - Monstrous Menagerie            Summoning                    7
   b - Summon Greater Demon           Summoning                    7
   c - Malign Gateway                 Summoning/Translocation      7
   d - Summon Horrible Things         Summoning                    8
Comestibles
 c - a royal jelly
 f - 9 bread rations
 g - 3 beef jerkies
 j - 6 slices of pizza
 u - 3 meat rations
 w - 14 fruits


   Skills:
 - Level 10.0 Fighting
 - Level 13.1 Maces & Flails
   Level 4.1 Polearms
 + Level 6.1 Armour
 + Level 5.9 Dodging
 + Level 6.2 Shields


You had 8 spell levels left.
You knew the following spells:

 Your Spells              Type           Power        Failure   Level  Hunger
a - Regeneration          Chrm/Necr      #.........   100%        3    ####...


Dungeon Overview and Level Annotations

Branches:
Dungeon (13/15)            Temple (1/1) D:5            Lair (0/8) D:8
    Orc (0/2) D:10
 Vaults: D:13-14

Altars:
Ashenzari
Cheibriados
Dithmenos
Elyvilon
Fedhas
Gozag
Kikubaaqudgha
Makhleb
Nemelex Xobeh
Okawaru
Pakellas
Qazlal
Ru
Sif Muna
Trog
Vehumet
Xom
Yredelemnul
Zin
The Shining One

Shops:
D:9 =

Annotations:
D:6 Duvessa
D:10 Sonja


Innate Abilities, Weirdness & Mutations

You cannot wear boots.
Your serpentine skin is tough (AC +4).
You have supernaturally acute eyesight.
Armour fits poorly on your strangely shaped body.
Your system is resistant to poisons.
You cover ground very slowly.
You have a slow metabolism.
You can spit poison.
Your tail ends in a poisonous barb.
You are partially covered in icy blue scales (AC +1).
Your skin changes colour to match your surroundings (Stealth).
You tend to lose your temper in combat.
You have an increased reservoir of magic (+10% MP).
You passively map the area around you.
You are resistant to electric shocks.
You are weak. (Str -2)


Message History

You block the death knight's attack.
You sock the death knight!
The death knight is heavily wounded.
Your damage is reflected back at you!
* * * LOW HITPOINT WARNING * * *
You block the death knight's attack.
Your plate armour prevents you from hitting the death knight.
Your tail-slap misses the death knight.
The death knight is heavily wounded.
The death knight hits you but does no damage.
You hit the death knight.
Your tail-slap misses the death knight.
The death knight is heavily wounded.
Your damage is reflected back at you!
* * * LOW HITPOINT WARNING * * *
The death knight hits you with a battleaxe!!
* * * LOW HITPOINT WARNING * * *
Drink which item? (? for menu, Esc to quit)
You feel better.
The death knight hits you with a battleaxe!!
You die...

#.# #..........#
#)# #..........#
#.# #..........#
#.#
################
#.# ...####
###.# .......
#...# ..... ,
#.####..##### **
#)...@p...... ,
, #############
* *


You could see a death knight.

Vanquished Creatures
  The ghost of hipposaver the Fighter, a journeyman DsFi of Gozag (D:11)
  A hydra (D:9)
  Erolcha (D:12)
  An unseen horror (D:10)
  A hill giant (D:12)
  A phantasmal warrior (D:13)
  2 ugly things (D:11)
  3 cyclopes
  An elephant (D:8)
  A gargoyle (D:11)
  A kobold demonologist (D:12)
  3 freezing wraiths (D:13)
  3 trolls
  A two-headed ogre (D:10)
  A shadow (D:12)
  13 yaks
  2 wyverns
  A vampire (D:12)
  2 hippogriffs
  A hungry ghost (D:10)
  A water moccasin (D:8)
  A soldier ant (D:12)
  8 orc warriors
  6 sky beasts
  2 black bears
  A wasp (D:10)
  An eye of draining (D:9)
  6 ice beasts
  2 necrophages
  8 ogres
  2 phantoms
  6 centaurs
  4 giant frogs
  9 big kobolds
  A wyvern zombie (D:8)
  5 scorpions
  Dowan (D:6)
  11 killer bees
  3 wights (D:10)
  A howler monkey (D:10)
  9 crimson imps
  2 centaur zombies
  A giant frog zombie (D:5)
  2 quasits
  6 hounds
  5 jellies
  Crazy Yiuf (D:6)
  7 orc priests
  7 iguanas
  A centaur skeleton (D:4)
  Ijyb (D:2)
  Jessica (D:3)
  2 gnoll shamans
  18 orc wizards
  6 worker ants
  Natasha (thrice) (D:4)
  4 sheep
  A hound skeleton (D:9)
  15 gnolls
  13 adders
  2 shadow imps
  12 white imps (D:12)
  2 oozes
  2 adder zombies
  An adder skeleton (D:8)
  3 worms
  4 dart slugs
  A giant gecko (D:3)
  46 orcs
  5 giant cockroaches
  15 goblins
  6 hobgoblins
  2 jackals (D:2)
  12 kobolds
  5 quokkas
  A ball python (D:2)
  8 bats
  A giant gecko skeleton (D:5)
  A giant gecko zombie (D:6)
  3 giant newts
  3 quokka skeletons
  A quokka zombie (D:9)
  6 rats
367 creatures vanquished.

Vanquished Creatures (others)
  A very ugly thing (D:5)
1 creature vanquished.

Grand Total: 368 creatures vanquished

Notes
Turn   | Place    | Note
--------------------------------------------------------------
     0 | D:1      | zxpr0jk the Naga Fighter began the quest for the Orb.
     0 | D:1      | Reached XP level 1. HP: 21/21 MP: 1/1
   166 | D:1      | Reached XP level 2. HP: 27/28 MP: 2/2
   605 | D:1      | Reached XP level 3. HP: 31/34 MP: 3/3
   721 | D:2      | Noticed Ijyb
   757 | D:2      | Killed Ijyb
   757 | D:2      | Reached XP level 4. HP: 16/43 MP: 4/4
  1159 | D:2      | Found a shattered altar of Ashenzari.
  1764 | D:3      | HP: 2/66 [giant newt (2)]
  1768 | D:3      | Gained mutation: Your skin changes colour to match your surroundings (Stealth). [potion of mutation]
  1768 | D:3      | Gained mutation: Your magical capacity is low (-10% MP). [potion of mutation]
  1768 | D:3      | Gained mutation: You are partially covered in iridescent scales (AC +4). [potion of mutation]
  1769 | D:3      | HP: 1/44 [poisoned by an adder]
  1971 | D:3      | Reached skill level 1 in Maces & Flails
  1971 | D:3      | Reached XP level 5. HP: 37/50 MP: 4/4
  2116 | D:3      | Noticed Jessica
  2123 | D:3      | Killed Jessica
  2123 | D:3      | Reached skill level 2 in Maces & Flails
  2462 | D:4      | Reached XP level 6. HP: 35/57 MP: 5/5
  2561 | D:4      | Reached skill level 3 in Maces & Flails
  2724 | D:4      | Reached skill level 4 in Maces & Flails
  2819 | D:4      | Reached XP level 7. HP: 5/66 MP: 6/6
  3135 | D:4      | Noticed Natasha
  3137 | D:4      | Killed Natasha
  3284 | D:4      | Reached skill level 5 in Fighting
  3284 | D:4      | Reached skill level 5 in Maces & Flails
  3308 | D:4      | Noticed Natasha
  3312 | D:4      | Killed Natasha
  3438 | D:4      | Noticed Natasha
  3442 | D:4      | Killed Natasha
  3622 | D:5      | Entered Level 5 of the Dungeon
  3669 | D:5      | Found a staircase to the Ecumenical Temple.
  3693 | D:5      | Reached skill level 6 in Maces & Flails
  3693 | D:5      | Reached XP level 8. HP: 65/76 MP: 7/7
  3699 | Temple   | Entered the Ecumenical Temple
  4228 | D:6      | Found an iron altar of Okawaru.
  4337 | D:6      | Reached skill level 7 in Maces & Flails
  4408 | D:6      | Gained mutation: You are partially covered in icy blue scales (AC +1). [potion of mutation]
  4408 | D:6      | Gained mutation: You passively map a small area around you. [potion of mutation]
  4408 | D:6      | Gained mutation: Your tail ends in a poisonous barb. [potion of mutation]
  4587 | D:6      | Gained mutation: You tend to lose your temper in combat. [mutagenic meat]
  4640 | D:6      | Noticed Crazy Yiuf
  4645 | D:6      | Killed Crazy Yiuf
  4721 | D:6      | Noticed Dowan
  4722 | D:6      | Noticed Duvessa
  4727 | D:6      | Killed Dowan
  4727 | D:6      | Reached skill level 8 in Maces & Flails
  5182 | D:7      | Reached XP level 9. HP: 76/85 MP: 8/8
  5461 | D:7      | Reached skill level 9 in Maces & Flails
  5577 | D:7      | Found a blossoming altar of Fedhas.
  5587 | D:7      | Found a stormy altar of Qazlal.
  6037 | D:8      | Found a burning altar of Makhleb.
  6068 | D:8      | Noticed an elephant
  6077 | D:8      | Gained mutation: You passively map the area around you. [potion of beneficial mutation]
  6273 | D:8      | Noticed a cyclops
  6354 | D:5      | Reached skill level 10 in Maces & Flails
  6376 | D:5      | Gained mutation: You are weak. (Str -2) [mutagenic meat]
  6377 | D:5      | Gained mutation: You possess an exceptional clarity of mind. [mutagenic meat]
  6378 | D:5      | Lost mutation: You possess an exceptional clarity of mind. [mutagenic meat]
  6461 | D:5      | Found an oddly glowing altar of Pakellas.
  6462 | D:5      | Noticed a purple very ugly thing
  6473 | D:5      | Killed a purple very ugly thing
  6944 | D:8      | Reached XP level 10. HP: 73/96 MP: 9/9
  7198 | D:8      | Killed an elephant
  7198 | D:8      | Reached skill level 11 in Maces & Flails
  7437 | D:8      | Found a staircase to the Lair.
  7655 | D:8      | Killed a cyclops
  8080 | D:9      | Found an oddly glowing altar of Pakellas.
  8081 | D:9      | Found a snail-covered altar of Cheibriados.
  8083 | D:9      | Found a shimmering altar of Xom.
  8088 | D:9      | Became a worshipper of Cheibriados the Contemplative
  8219 | D:9      | Reached skill level 12 in Maces & Flails
  8252 | D:9      | Reached * piety under Cheibriados
  8575 | D:9      | Found a stormy altar of Qazlal.
  8589 | D:9      | Reached XP level 11. HP: 105/108 MP: 9/9
  8609 | D:9      | Found Seegrad's Jewellery Emporium.
  8614 | D:9      | Bought a +4 ring of dexterity for 351 gold pieces
  8884 | D:9      | Noticed a three-headed hydra
  8918 | D:9      | Killed a three-headed hydra
  8918 | D:9      | Reached ** piety under Cheibriados
  8918 | D:9      | Reached skill level 10 in Fighting
  8918 | D:9      | Reached skill level 13 in Maces & Flails
  8944 | D:10     | Entered Level 10 of the Dungeon
  9175 | D:10     | Noticed an unseen horror
  9182 | D:10     | Killed an unseen horror
  9182 | D:10     | Reached skill level 1 in Dodging
  9516 | D:10     | Lost mutation: Your magical capacity is low (-10% MP). [mutagenic meat]
  9519 | D:10     | Gained mutation: Your mind is acute. (Int +2) [mutagenic meat]
  9521 | D:10     | Lost mutation: Your mind is acute. (Int +2) [mutagenic meat]
  9625 | D:10     | Paralysed by fainting for 8 turns
  9783 | D:10     | Noticed Sonja
  9797 | D:10     | Reached *** piety under Cheibriados
  9966 | D:10     | Found a staircase to the Orcish Mines.
 10018 | D:10     | Got an ichor-stained buckler
 10029 | D:10     | Identified the +2 buckler of Ismeux {rN+ rCorr} (You found it on level 10 of the Dungeon)
 10144 | D:10     | Reached **** piety under Cheibriados
 10409 | D:11     | Learned a level 3 spell: Regeneration
 10561 | D:11     | Noticed a cyan ugly thing
 10562 | D:11     | Noticed a green ugly thing
 10573 | D:11     | Killed a green ugly thing
 10573 | D:11     | Reached XP level 12. HP: 98/116 MP: 12/12
 10659 | D:11     | Reached skill level 5 in Armour
 10713 | D:11     | Noticed hipposaver's ghost (journeyman DsFi)
 11015 | D:11     | Lost mutation: You are partially covered in iridescent scales (AC +4). [potion of mutation]
 11015 | D:11     | Gained mutation: You have an increased reservoir of magic (+10% MP). [potion of mutation]
 11015 | D:11     | Gained mutation: You are resistant to electric shocks. [potion of mutation]
 11108 | D:11     | Killed hipposaver's ghost
 11108 | D:11     | Reached skill level 5 in Shields
 11496 | D:12     | Found a frozen archway.
 11510 | D:12     | Reached ***** piety under Cheibriados
 11574 | D:12     | Reached skill level 5 in Dodging
 11591 | D:12     | Noticed Erolcha
 11619 | D:12     | Killed Erolcha
 12139 | D:13     | Noticed a centaur warrior
 12435 | D:13     | Noticed a death knight
 12443 | D:13     | HP: 5/116 [death knight/battleaxe (24)]
 12444 | D:13     | Mangled by a death knight

Skill      XL: |  1  2  3  4  5  6  7  8  9 10 11 12 |
---------------+-------------------------------------+-----
Polearms       | 3 4 |  4.1
Maces & Flails | 1 2 4 6 8 10 12 13 | 13.1
Fighting       | 4 5 6 8 9 10 | 10.0
Dodging        | 4 5 |  5.9
Armour         | 4 6 |  6.1
Shields        | 4 6 |  6.2

Action                   |  1- 3 |  4- 6 |  7- 9 | 10-12 || total
-------------------------+-------+-------+-------+-------++-------
Melee: Trident           |   101 |    40 |       |       ||   141
       Morningstar       |       |   183 |       |       ||   183
       Flail             |       |     6 |   575 |   958 ||  1539
       Tailslap          |       |       |    47 |   258 ||   305
Evoke: Wand              |       |       |     1 |     3 ||     4
  Use: Scroll            |       |     7 |     6 |     2 ||    15
       Potion            |       |     8 |     4 |     8 ||    20
  Eat: Chunk             |       |     6 |    20 |    26 ||    52
       Fruit             |       |       |       |     1 ||     1
Armor: Scale mail        |    40 |   147 |   290 |   166 ||   643
       Plate armour      |       |       |    81 |   262 ||   343
Dodge: Dodged            |    18 |    47 |    99 |   196 ||   360
Block: Shield            |    33 |   115 |   265 |   244 ||   657
       Buckler           |       |       |       |   121 ||   121
